 Dungeon Crawl Stone Soup version 0.30.0-15-g856e2d3f33 (webtiles) character file.

Game seed: 17738022652295861609

2657 buriedalive the Frost Mage (level 9, -1/41 (45) HPs)
             Began as a Deep Elf Ice Elementalist on May 19, 2023.
             Was a Follower of Vehumet.
             Slain by a wight
             ... wielding a +3 flail
              (9 damage)
             ... on level 7 of the Dungeon.
             The game lasted 00:17:21 (7592 turns).

buriedalive the Frost Mage (DEIE)                   Turns: 7592, Time: 00:17:21

HP:   -1/41 (45)    AC: 13    Str:  5    XL:     9   Next: 36%
MP:   19/20         EV: 16    Int: 31    God:    Vehumet [*.....]
Gold: 508           SH:  0    Dex: 15    Spells: 9/20 levels left

rFire   . . .        i - +2 whip (flame)
rCold   + . .        (no shield)
rNeg    . . .        F - +1 robe {Will+}
rPois   .            x - +0 helmet
rElec   .            (no cloak)
rCorr   .            (no gloves)
SInv    .            (no boots)
Will    +....        (no amulet)
Stlth   ++           n - +6 ring of intelligence
HPRegen 0.26/turn    t - ring of protection from cold
MPRegen 0.17/turn

%: no passive effects
@: mighty, ice-armoured, drained
A: no striking features
a: Renounce Religion


You were on level 7 of the Dungeon.
You worshipped Vehumet.
Vehumet was aware of your devotion.
You visited 2 branches of the dungeon, and saw 8 of its levels.

You collected 508 gold pieces.

Inventory:

Hand Weapons
 i - a +2 whip of flaming (weapon)
 j - a +0 dagger
 m - a +0 scimitar
 u - a +2 short sword of venom
 w - a +1 dagger of venom
 y - a +4 dagger
Missiles
 h - 47 stones
 o - 15 poisoned darts
 p - 5 datura-tipped darts
 q - a throwing net
 A - 2 curare-tipped darts
Armour
 a - a +0 robe
 x - a +0 helmet (worn)
 F - a +1 robe of willpower (worn)
Jewellery
 n - a +6 ring of intelligence (left hand)
 t - a ring of protection from cold (right hand)
Wands
 B - a wand of roots (12)
Scrolls
 d - 2 scrolls of vulnerability
 e - 3 scrolls of magic mapping
 f - 2 scrolls of teleportation
 g - 2 scrolls of identify
 C - a scroll of fog
 D - a scroll of amnesia
 H - a scroll of poison {unknown}
Potions
 b - a potion of magic
 c - a potion of haste
 k - 2 potions of resistance
 l - a potion of invisibility
 r - 2 potions of curing
 s - a potion of mutation
 v - a potion of lignification
 z - a potion of brilliance
 G - a potion of degeneration {unknown}


   Skills:
 + Level 9.3 Dodging
 - Level 2.4 Stealth
 - Level 6.0 Spellcasting
 + Level 6.5 Summonings
 + Level 9.3 Ice Magic


You had 9 spell levels left.
You knew the following spells:

 Your Spells              Type           Power      Damage    Failure   Level
a - Freeze                Ice            100%       1d10      1%          1
b - Ozocubu's Armour      Ice            61%        N/A       1%          3
c - Frozen Ramparts       Ice            100%       1d16      1%          3
d - Summon Ice Beast      Ice/Summ       55%        N/A       1%          4

Your spell library contained the following spells:

 Spells                   Type           Power      Damage    Failure   Level
 Foxfire                  Conj/Fire      36%        2x1d5     4%          1
 Summon Small Mammal      Summ           100%       N/A       1%          1
 Apportation              Tloc           18%        N/A       4%          1
 Necrotise                Necr           36%        1d5       4%          1
 Blade Hands              Tmut           4%         N/A       80%         5
 Irradiate                Conj/Tmut      4%         3d13      80%         5
 Dragon Form              Tmut           4%         N/A       100%        7


Dungeon Overview and Level Annotations

Branches:
Dungeon (7/15)             Temple (1/1) D:5

Altars:
Ashenzari
Cheibriados
Dithmenos
Elyvilon
Fedhas
Gozag
Hepliaklqana
Kikubaaqudgha
Makhleb
Nemelex Xobeh
Okawaru
Qazlal
Ru
Sif Muna
Trog
Uskayaw
Vehumet
Wu Jian
Xom
Yredelemnul
Zin


Message History

The orc is heavily wounded.
The orc hits you with a +0 club.
Casting: Freeze (safe; 1% risk of failure)
Confirm with . or Enter, or press ? or * to list all spells.
Aiming: Freeze (safe; 1% risk of failure)
Press: ? - help, Shift-Dir - straight line, f - orc
Aim: an orc, wielding a +0 club (heavily wounded)
You freeze the orc.
You kill the orc!
Vehumet accepts your kill.
Unknown command.
Magic restored.
HP restored.
A wight is nearby!
Casting: Freeze (safe; 1% risk of failure)
Confirm with . or Enter, or press ? or * to list all spells.
A film of ice covers your body!
You hit the wight but do no damage. The wight hits you with a +3 flail.
You feel drained.
You completely miss the wight. The wight barely misses you.
The wight hits you with a +3 flail.
You feel drained.
You barely miss the wight. The wight closely misses you.
You hit the wight but do no damage. The wight hits you with a +3 flail!
You hit the wight but do no damage. The wight hits you with a +3 flail.
You hit the wight but do no damage. You punch the wight.
The wight is lightly damaged.
The wight closely misses you.
You feel very mighty all of a sudden. The wight hits you with a +3 flail!
You closely miss the wight.
The wight is lightly damaged.
The wight hits you with a +3 flail.
You whack the wight! You burn the wight.
The wight is severely damaged.
The wight hits you with a +3 flail.
* * * LOW HITPOINT WARNING * * *
You closely miss the wight.
The wight is severely damaged.
The wight hits you with a +3 flail!
You die...

..........#...
##................
.....)))..####
......$..........
######)##.##
#............... #.)#..# #
#>...........#..
##..#.###.###...............
##.#.................<#..>.
#.#####.##.$.........##..†
#......[..z...............
#....####@#..........#....
#...## #..###......).....
##...# ##.# #.....#.##...
#....# #.# #.....#.##..#
##..### #.# #.....#.#...#
#...# #.# #..#.##....##
#.#.# #.###..........##
##>#.# #..#..#.........#
#..#.## #...###........#


You could see a wight.

Vanquished Creatures
  Pikel (D:7)
  A water moccasin (D:4)
  2 black bears
  An ogre (D:6)
  2 phantoms
  3 kobold brigands
  3 bullfrogs (D:7)
  A gnoll sergeant (D:6)
  4 scorpions
  4 wights
  A howler monkey (D:5)
  A jelly (D:7)
  An orc priest (D:7)
  7 hounds
  Terence (D:3)
  An iguana (D:6)
  5 orc wizards
  Robin (D:4)
  9 adders
  5 gnolls
  A white imp (D:5)
  3 worms
  5 dart slugs
  14 orcs
  2 bats
  5 endoplasms
  4 giant cockroaches
  15 goblins
  7 hobgoblins
  4 jackals (D:1)
  23 kobolds
  4 quokkas
  3 ball pythons
  3 frilled lizards
  7 rats
154 creatures vanquished.

Notes
Turn   | Place    | Note
-------+----------+-------------------------------------------
     0 | D:1      | buriedalive the Deep Elf Ice Elementalist began the quest
                  | for the Orb.
     0 | D:1      | Reached XP level 1. HP: 10/10 MP: 6/6
   192 | D:1      | Reached XP level 2. HP: 15/15 MP: 6/8
   415 | D:1      | Reached XP level 3. HP: 13/19 MP: 0/10
   902 | D:2      | Learned a level 3 spell: Ozocubu's Armour
   906 | D:2      | Learned a level 3 spell: Frozen Ramparts
  1227 | D:2      | Reached skill level 5 in Ice Magic
  1438 | D:2      | Reached XP level 4. HP: 23/24 MP: 8/12
  1965 | D:3      | Noticed Terence
  1970 | D:3      | Killed Terence
  2301 | D:3      | Reached XP level 5. HP: 18/28 MP: 10/14
  2824 | D:4      | Noticed Robin
  2847 | D:4      | Killed Robin
  2848 | D:4      | Reached skill level 5 in Spellcasting
  2860 | D:4      | Noticed a phantom
  3311 | D:4      | Noticed a water moccasin
  3319 | D:4      | Killed a water moccasin
  3320 | D:4      | Reached skill level 5 in Dodging
  3320 | D:4      | Reached XP level 6. HP: 32/32 MP: 8/16
  3874 | D:5      | Entered Level 5 of the Dungeon
  3890 | D:5      | Found a shadowy altar of Dithmenos.
  4026 | D:5      | Learned a level 4 spell: Summon Ice Beast
  4110 | D:5      | Reached skill level 1 in Summonings
  4110 | D:5      | Reached XP level 7. HP: 36/36 MP: 6/18
  4368 | D:5      | Found a staircase to the Ecumenical Temple.
  4378 | Temple   | Entered the Ecumenical Temple
  4559 | Temple   | Became a worshipper of Vehumet
  4779 | D:5      | Found a basalt altar of Yredelemnul.
  4930 | D:5      | Found a broken altar of Ashenzari.
  5195 | D:6      | HP: 1/36 [gnoll sergeant/+2 spear of freezing (2)]
  5511 | D:6      | Found a sacrificial altar of Ru.
  5548 | D:6      | Reached XP level 8. HP: 32/41 MP: 12/19
  5810 | D:6      | Reached * piety under Vehumet
  5810 | D:6      | Offered knowledge of Foxfire by Vehumet.
  6924 | D:7      | Reached skill level 5 in Summonings
  6930 | D:7      | Noticed Pikel
  7233 | D:7      | Reached XP level 9. HP: 40/45 MP: 20/20
  7305 | D:7      | Killed Pikel
  7592 | D:7      | Slain by a wight

Illustrated notes

Levels and vault maps discovered:
D:1:      minmay_arrival_jagged, layout_rooms
D:2:      layout_loops_ring
D:3:      layout_loops_ring, kennysheep_generic_room_10, uniq_terence
D:4:      layout_rooms, uniq_robin
D:5:      layout_loops_ring, mainiacjoe_overflow_alcove_1,
          lemuel_coloured_pillars_altar, nicolae_overflow_hidden_temple,
          minmay_temple_entry_statues_pillars
D:6:      layout_loops_corners, general_overflow_altar, minivault_19
D:7:      layout_rooms, minmay_manual_moon, uniq_pikel
Temple:   bh_familiar_temple

Skill      XL: |  1  2  3  4  5  6  7  8  9 |
---------------+----------------------------+-----
Dodging        | 3 4 5 7 8 9 |  9.3
Spellcasting   | 4 5 6 |  6.0
Ice Magic      | 5 6 7 8 9 |  9.3
Summonings     | 1 3 5 6 |  6.5
Stealth        | |  2.4

Action                     |  1- 3 |  4- 6 |  7- 9 || total
---------------------------+-------+-------+-------++-------
  Melee: Dagger            |     9 |    50 |    69 ||   128
         Scimitar          |    13 |    25 |       ||    38
         Punch             |     1 |       |     2 ||     3
         Short sword       |       |    20 |       ||    20
         Whip              |       |       |    18 ||    18
  Throw: Dart              |       |     4 |       ||     4
   Cast: Freeze            |    44 |    14 |    10 ||    68
         Frozen Ramparts   |     4 |    21 |    22 ||    47
         Ozocubu's Armour  |       |     8 |    15 ||    23
  Evoke: Wand              |       |     6 |    10 ||    16
    Use: Scroll            |       |    12 |     6 ||    18
         Potion            |       |     2 |     3 ||     5
   Stab: Sleeping          |     2 |     2 |     1 ||     5
 Armour: Robe              |    12 |    23 |    15 ||    50
  Dodge: Dodged            |    46 |    67 |    92 ||   205
